[Event "Titled Tuesday Blitz March 14 Late 2023"]
[White "Godzwon, Iwo"]
[Black "Chigaev, Maksim"]
[WhiteFideId "21802483"]
[BlackFideId "4108116"]
[WhiteElo "2284"]
[BlackElo "2547"]
[Result "1-0"]
[Round "02"]
[TimeControl "180+1"]
[Date "2023.03.14"]
[WhiteClock "0:01:05"]
[BlackClock "0:00:17"]

1. e4 c5 2. Nf3 Nc6 3. Bb5 e5 4. Nc3 d6 5. O-O g6 6. d3 Bg7 7. Re1 Ne7 8. Nd2 O-O 9. Nf1 Kh8 10. Ne3 f5 11. Ned5 Nxd5 12. Nxd5 f4 13. c3 Be6 14. Bc4 Na5 15. b4 Nxc4 16. dxc4 f3 17. g3 Qd7 18. Qd3 b5 19. cxb5 Bxd5 20. exd5 cxb4 21. Bb2 bxc3 22. Bxc3 Rac8 23. Rac1 Rxc3 24. Rxc3 e4 25. Rxe4 Qh3 26. Qxf3 Rxf3 27. Rxf3 Qc8 28. Re7 Bd4 29. Rff7 Qc1+ 30. Kg2 Qc4 31. Re8# 1-0


[Site "https://www.chess.com"]

[Event "Titled Tuesday Blitz March 14 Late 2023"]
[White "Goncalves, Davi Sulzbacher"]
[Black "Voeikov , Ilya"]
[WhiteFideId "2154510"]
[BlackFideId "54188938"]
[WhiteElo "2182"]
[BlackElo "2140"]
[Result "1-0"]
[Round "02"]
[TimeControl "180+1"]
[Date "2023.03.14"]
[WhiteClock "0:00:06"]
[BlackClock "0:00:05"]

1. e4 c5 2. Nf3 e6 3. b3 d5 4. exd5 exd5 5. Bb5+ Nc6 6. Bb2 Nf6 7. O-O Be7 8. Ne5 Qd6 9. Re1 O-O 10. Bxc6 bxc6 11. Nxc6 Qxc6 12. Rxe7 Be6 13. Bxf6 gxf6 14. Qf3 f5 15. Qg3+ Kh8 16. Qe5+ Kg8 17. Nc3 a5 18. Re1 d4 19. Rc7 Qa6 20. Rxc5 dxc3 21. Rxc3 f4 22. Qg5+ Kh8 23. Qf6+ Kg8 24. Rc5 Rfd8 25. Rg5+ Kf8 26. Rg7 Qd6 27. Rxh7 Ke8 28. Rh8+ Kd7 29. Rh7 Rf8 30. d4 Rae8 31. c4 Bg4 32. Qxd6+ Kxd6 33. Rxe8 Rxe8 34. f3 Re1+ 35. Kf2 Ra1 36. fxg4 Rxa2+ 37. Kf3 Rb2 38. Rh6+ Ke7 39. Ra6 Rxb3+ 40. Kxf4 Ra3 41. c5 Ra1 42. d5 a4 43. Kg5 a3 44. Ra7+ Kf8 45. c6 a2 46. d6 Kg7 47. c7 f6+ 48. Kh4 f5 49. c8=Q+ Kf6 50. Qxf5# 1-0


[Site "https://www.chess.com"]

[Event "Titled Tuesday Blitz March 14 Late 2023"]
[White "Gorodetzky, David"]
[Black "Karttunen, Mika"]
[WhiteFideId "2813416"]
[BlackFideId "502081"]
[WhiteElo "2484"]
[BlackElo "2396"]
[Result "1-0"]
[Round "02"]
[TimeControl "180+1"]
[Date "2023.03.14"]
[WhiteClock "0:01:29"]
[BlackClock "0:00:20"]

1. e4 c6 2. d4 d5 3. Nc3 dxe4 4. Nxe4 Nf6 5. Nxf6+ exf6 6. c3 h5 7. Bc4 Bd6 8. Qe2+ Qe7 9. Qxe7+ Kxe7 10. Ne2 Be6 11. Bb3 Bxb3 12. axb3 Nd7 13. Bf4 g6 14. Kd2 Bxf4+ 15. Nxf4 Kd6 16. b4 a6 17. h4 Rae8 18. f3 Nb6 19. b3 Nd5 20. Nd3 Ne3 21. Rhg1 Nf5 22. g4 Nxh4 23. Raf1 hxg4 24. fxg4 f5 25. Ne5 Ke6 26. Rf4 Kf6 27. g5+ Kg7 28. Kd3 Rh5 29. Nd7 Re4 30. Rxe4 fxe4+ 31. Kxe4 Nf5 32. Nc5 Rh3 33. c4 Re3+ 34. Kf4 Re7 35. Rd1 Ne3 36. Rd3 Nc2 37. d5 cxd5 38. cxd5 Nxb4 39. Rd4 Rc7 40. Ne4 a5 41. d6 Rd7 42. Nc5 Rd8 43. Nxb7 Rb8 44. Nxa5 Rb5 45. d7 Nd5+ 46. Ke4 Nc3+ 47. Kd3 1-0


[Site "https://www.chess.com"]

[Event "Titled Tuesday Blitz March 14 Late 2023"]
[White "Grinev, Valeriy"]
[Black "Sailer, Mike"]
[WhiteFideId "14117517"]
[BlackFideId "2012901"]
[WhiteElo "2365"]
[BlackElo "2109"]
[Result "1-0"]
[Round "02"]
[TimeControl "180+1"]
[Date "2023.03.14"]
[WhiteClock "0:00:32"]
[BlackClock "0:00:08"]

1. d4 d5 2. Nf3 Nf6 3. e3 Bg4 4. h3 Bh5 5. g4 Bg6 6. Ne5 e6 7. h4 Ne4 8. h5 f6 9. hxg6 fxe5 10. Rxh7 Rxh7 11. gxh7 Qh4 12. Qf3 exd4 13. Qh3 Qxf2+ 14. Kd1 Ng3 15. h8=Q Qf3+ 16. Ke1 dxe3 17. Q8h5+ Kd7 18. Qg2 Qxg2 19. Bxg2 Nxh5 20. gxh5 Bc5 21. Ke2 Nc6 22. Bxe3 Nd4+ 23. Bxd4 Bxd4 24. c3 Bf6 25. Nd2 Rh8 26. Bf3 c6 27. a4 e5 28. Bg4+ Kd6 29. a5 a6 30. Nf1 e4 31. Ne3 Ke5 32. Rf1 c5 33. Rf5+ Kd6 34. Rxd5+ 1-0


[Site "https://www.chess.com"]

[Event "Titled Tuesday Blitz March 14 Late 2023"]
[White "Grycel, Kamil"]
[Black "Kornyukov, Alexey"]
[WhiteFideId "1115499"]
[BlackFideId "4150457"]
[WhiteElo "2464"]
[BlackElo "2352"]
[Result "1-0"]
[Round "02"]
[TimeControl "180+1"]
[Date "2023.03.14"]
[WhiteClock "0:00:17"]
[BlackClock "0:00:17"]

1. b3 d5 2. Bb2 c5 3. Nf3 Nc6 4. e3 a6 5. d4 Nf6 6. Nbd2 cxd4 7. Nxd4 g6 8. Nxc6 bxc6 9. Bxf6 exf6 10. Be2 Bg7 11. c4 f5 12. Rc1 d4 13. exd4 Qxd4 14. O-O O-O 15. Nf3 Qc5 16. Qd2 a5 17. Rfd1 Be6 18. Qd6 Qxd6 19. Rxd6 c5 20. Ng5 Rfd8 21. Rcd1 Bd4 22. Rxd8+ Rxd8 23. Nxe6 fxe6 24. Bf3 Kf7 25. Kf1 Rd7 26. Bc6 Rc7 27. Bb5 e5 28. Ke2 Kf6 29. f3 g5 30. g4 e4 31. gxf5 exf3+ 32. Kxf3 Re7 33. Rf1 Kxf5 34. Kg3+ Kg6 35. Bc6 h5 36. h3 Re6 37. Bd5 Re3+ 38. Rf3 h4+ 39. Kg4 Re2 40. Bf7+ Kh6 41. Kf5 Re5+ 42. Kg4 Re4+ 43. Kf5 Re5+ 44. Kg4 Kg7 45. Bd5 Re2 46. Kxg5 Rg2+ 47. Kxh4 Bf6+ 48. Rxf6 Kxf6 49. Bxg2 Kf5 50. Bc6 Kf4 51. Kh5 Kf5 52. h4 Kf6 53. Ba4 1-0


[Site "https://www.chess.com"]

[Event "Titled Tuesday Blitz March 14 Late 2023"]
[White "Hansen, Eric"]
[Black "Diaz Rosas, Julio Cesar"]
[WhiteFideId "2606771"]
[BlackFideId "5105099"]
[WhiteElo "2569"]
[BlackElo "2270"]
[Result "1-0"]
[Round "02"]
[TimeControl "180+1"]
[Date "2023.03.14"]
[WhiteClock "0:00:31"]
[BlackClock "0:00:05"]

1. b3 e5 2. Bb2 Nc6 3. e3 Nf6 4. Bb5 Bd6 5. Ne2 O-O 6. Ng3 Ne7 7. O-O c6 8. Be2 Bc7 9. f4 d6 10. fxe5 dxe5 11. e4 Ng6 12. d3 Nf4 13. Kh1 g6 14. Nd2 h5 15. Bf3 Qe7 16. Nc4 Bg4 17. h3 Bd7 18. a4 Rad8 19. Qe1 h4 20. Ne2 N6h5 21. Nxf4 Nxf4 22. Qe3 b5 23. axb5 cxb5 24. Qxa7 Bxh3 25. Bxe5 Nxg2 26. Qxc7 Rd7 27. Bd6 Qe6 28. Qc5 bxc4 29. Bxf8 Ne3 30. Bh6 Kh7 31. Bxe3 Bxf1 32. Rxf1 Qh3+ 33. Kg1 Qg3+ 34. Bg2 h3 35. Rf2 cxd3 36. cxd3 Rxd3 37. Rxf7+ 1-0


[Site "https://www.chess.com"]

[Event "Titled Tuesday Blitz March 14 Late 2023"]
[White "Harris, Ian"]
[Black "Nazaretyan, Tigran"]
[WhiteFideId "2020092"]
[BlackFideId "24162345"]
[WhiteElo "2322"]
[BlackElo "2111"]
[Result "0-1"]
[Round "02"]
[TimeControl "180+1"]
[Date "2023.03.14"]
[WhiteClock "0:00:02"]
[BlackClock "0:01:10"]

1. d4 Nf6 2. Bg5 d5 3. e3 Nbd7 4. Nd2 g6 5. Bd3 Bg7 6. Ngf3 O-O 7. c3 c5 8. O-O Qc7 9. Re1 e5 10. dxe5 Nxe5 11. Nxe5 Qxe5 12. Nf3 Qe6 13. Qc2 Re8 14. e4 Nxe4 15. Nd2 Qf5 16. Bh4 Qh5 17. Bxe4 dxe4 18. Bg3 f5 19. Qb3+ Kh8 20. Nc4 Be6 21. Qb5 a6 22. Qxc5 Rac8 23. Bc7 Qg5 24. Nd6 Qe7 25. Qb6 Rxc7 26. Nxe8 Rc6 0-1


[Site "https://www.chess.com"]

[Event "Titled Tuesday Blitz March 14 Late 2023"]
[White "Harvey, Marcus R"]
[Black "Tymrakiewicz, Rafal"]
[WhiteFideId "400092"]
[BlackFideId "1108832"]
[WhiteElo "2457"]
[BlackElo "2151"]
[Result "1-0"]
[Round "02"]
[TimeControl "180+1"]
[Date "2023.03.14"]
[WhiteClock "0:00:08"]
[BlackClock "0:00:08"]

1. d4 Nf6 2. c4 d6 3. g3 e5 4. Nf3 e4 5. Nh4 c6 6. Nc3 d5 7. Bg5 Be7 8. Ng2 Nbd7 9. cxd5 cxd5 10. Ne3 h6 11. Bxf6 Nxf6 12. Qb3 Be6 13. Qxb7 O-O 14. Qa6 Rb8 15. Ned1 Ne8 16. e3 Nd6 17. Be2 f5 18. h4 g6 19. Kf1 Rf6 20. Qa4 Kg7 21. f4 exf3 22. Bxf3 Ne4 23. Rg1 g5 24. hxg5 hxg5 25. Rc1 Bd6 26. Qxa7+ Rf7 27. Qa6 Rb6 28. Qd3 Qh8 29. Rc2 Qh3+ 30. Bg2 Qg4 31. Nf2 Nxg3+ 32. Ke1 Qh5 33. Bxd5 Bb4 34. Bxe6 Rxe6 35. a3 Bxc3+ 36. Qxc3 f4 37. d5+ Ref6 38. e4 Nxe4 39. Nxe4 Re7 40. Qxf6+ Kg8 41. Rc8+ Re8 42. Rxg5+ Qxg5 43. Qxg5+ Kf8 44. Qf6+ Kg8 45. Rxe8+ 1-0


[Site "https://www.chess.com"]

[Event "Titled Tuesday Blitz March 14 Late 2023"]
[White "Holt, Conrad"]
[Black "Gubajdullin, Alexei"]
[WhiteFideId "2034387"]
[BlackFideId "4141202"]
[WhiteElo "2592"]
[BlackElo "2267"]
[Result "0-1"]
[Round "02"]
[TimeControl "180+1"]
[Date "2023.03.14"]
[WhiteClock "0:00:03"]
[BlackClock "0:00:05"]

1. d4 Nf6 2. c4 g6 3. Nc3 Bg7 4. e4 O-O 5. Nf3 d6 6. h3 Na6 7. Bg5 h6 8. Be3 e5 9. d5 Nc5 10. Nd2 a5 11. Be2 Kh7 12. O-O Ng8 13. Nb3 b6 14. Nxc5 bxc5 15. Qd2 f5 16. exf5 gxf5 17. f4 e4 18. Kh2 Nf6 19. Rg1 h5 20. Bf2 Qe8 21. Bh4 a4 22. Rae1 Bd7 23. Bd1 Rb8 24. Re3 Rb4 25. b3 axb3 26. axb3 Qg6 27. Rg3 Qf7 28. Rg5 Bh6 29. Rf1 Ra8 30. Rg3 Ra1 31. Bg5 Bg7 32. Qb2 Ra7 33. Qc1 Rb8 34. Bc2 Rba8 35. Qd2 Ra1 36. Bb1 Ng4+ 37. hxg4 hxg4 38. Ne2 Qh5+ 39. Kg1 Kg6 40. Kf2 Re8 41. b4 cxb4 42. Qxb4 Raa8 43. Rb3 Reb8 44. Qxb8 Rxb8 45. Rxb8 Qh2 46. Rb3 Qh8 47. Rc1 Bd4+ 48. Nxd4 Qxd4+ 49. Kg3 Qd2 50. Rcc3 Ba4 51. Ra3 Bd1 52. Kh2 Be2 53. Kg3 Bf1 54. Rc2 Qe1+ 55. Kh2 e3 56. Ba2 g3+ 57. Kh3 e2 58. Rxe2 Qxe2 59. Rxg3 Kh5 60. Bb3 Qe1 61. Kh2 Be2 62. Rh3+ Kg6 63. Bc2 Bg4 64. Rh6+ Kg7 65. Rh4 Qf2 66. Kh1 Qxc2 67. Kh2 Qf2 68. Kh1 Qf1+ 69. Kh2 Qe2 70. Kh1 Qxc4 71. Bh6+ Kg6 72. Bg5 Qxd5 73. Rh8 c5 74. Kg1 c4 75. Rc8 c3 76. Kh2 Qd2 77. Be7 Bf3 78. Rg8+ Kf7 79. Rg3 Kxe7 80. Rxf3 c2 81. Kg3 c1=Q 82. Kh3 Qce1 0-1


[Site "https://www.chess.com"]

[Event "Titled Tuesday Blitz March 14 Late 2023"]
[White "Janaszak, Dawid"]
[Black "Coelho, Ramyres Santana"]
[WhiteFideId "1119206"]
[BlackFideId "2120690"]
[WhiteElo "2220"]
[BlackElo "1888"]
[Result "1-0"]
[Round "02"]
[TimeControl "180+1"]
[Date "2023.03.14"]
[WhiteClock "0:01:32"]
[BlackClock "0:02:02"]

1. e4 c5 2. Nc3 e6 3. d4 cxd4 4. Qxd4 Nc6 5. Qe3 b6 6. Qg5 Be7 7. Qxg7 Bf6 8. Qg3 Nd4 9. Bd3 Ne7 10. e5 Rg8 11. Qf4 Bxe5 12. Qxe5 Nec6 13. Qh5 Rxg2 14. Be3 Bb7 15. Ne4 Qe7 16. Bg5 Qb4+ 17. c3 Qxb2 18. Nd6+ Kf8 19. Qxf7# 1-0


[Site "https://www.chess.com"]

[Event "Titled Tuesday Blitz March 14 Late 2023"]
[White "Kaganskiy, Gleb"]
[Black "Maranhao,Jose Renato Ruiz"]
[WhiteFideId "4132025"]
[BlackFideId "2135175"]
[WhiteElo "2165"]
[BlackElo "1970"]
[Result "0-1"]
[Round "02"]
[TimeControl "180+1"]
[Date "2023.03.14"]
[WhiteClock "0:01:05"]
[BlackClock "0:00:05"]

1. e4 g6 2. d4 Bg7 3. Nc3 b6 4. Nf3 Bb7 5. Bd3 d6 6. Be3 e6 7. h4 h5 8. Qd2 Nd7 9. O-O-O Qe7 10. Bg5 f6 11. Be3 O-O-O 12. Kb1 Kb8 13. Rhg1 Nh6 14. Nh2 e5 15. d5 Nc5 16. f3 Rdf8 17. a3 Nf7 18. b4 Nxd3 19. cxd3 f5 20. g3 Ba6 21. Rc1 Rc8 22. b5 Bb7 23. Rc2 Rhf8 24. Rgc1 a6 25. a4 f4 26. gxf4 exf4 27. Bxf4 Qxh4 28. bxa6 Bxa6 29. Nb5 Ne5 30. Bxe5 Bxe5 31. Nxc7 Rxc7 32. Rxc7 Qxh2 33. Qxh2 Bxh2 34. Rg7 Bxd3+ 35. Kb2 Be5+ 36. Kb3 Bxg7 37. Rg1 Rxf3 38. Kb4 Bxe4 39. Kb5 Bd4 40. Re1 Re3 41. Rd1 Bc5 42. Kc6 Rd3 43. Rf1 Bxd5+ 44. Kd7 Kb7 45. a5 Bc6+ 46. Kd8 Re3 47. a6+ Kxa6 48. Ra1+ Kb7 49. Rb1 Re8# 0-1


[Site "https://www.chess.com"]

[Event "Titled Tuesday Blitz March 14 Late 2023"]
[White "Kamsky, Gata"]
[Black "Karas, Marek"]
[WhiteFideId "2000024"]
[BlackFideId "14928558"]
[WhiteElo "2666"]
[BlackElo "2233"]
[Result "1-0"]
[Round "02"]
[TimeControl "180+1"]
[Date "2023.03.14"]
[WhiteClock "0:00:17"]
[BlackClock "0:00:02"]

1. e4 e6 2. Qe2 c5 3. Nf3 Nc6 4. g3 Nf6 5. Bg2 d5 6. e5 Nd7 7. d3 Be7 8. h4 h6 9. c3 b5 10. Bf4 Qb6 11. Nbd2 Bb7 12. a3 a5 13. g4 b4 14. Bg3 bxa3 15. bxa3 Ba6 16. Rb1 Qc7 17. c4 dxc4 18. Nxc4 Bxc4 19. dxc4 Rb8 20. O-O O-O 21. Qe4 Rxb1 22. Rxb1 Rb8 23. Rd1 Nf8 24. g5 hxg5 25. Nxg5 Nd4 26. Nf3 Nf5 27. Bh2 Rd8 28. Rb1 Rb8 29. Rb5 Rxb5 30. cxb5 c4 31. Qc6 Qxc6 32. bxc6 Bd8 33. h5 c3 34. Bf4 g6 35. h6 Bc7 36. Kf1 Nh7 37. Ke2 g5 38. Nxg5 Nxg5 39. Bxg5 Bxe5 40. Kd3 Kh7 41. Bd8 Kxh6 42. Bxa5 Ne7 43. Bxc3 Bxc3 44. Kxc3 Kg6 45. c7 Kf6 46. Bb7 Ke5 47. c8=Q Nxc8 48. Bxc8 1-0


[Site "https://www.chess.com"]

[Event "Titled Tuesday Blitz March 14 Late 2023"]
[White "Klekowski, Maciej"]
[Black "Mirimanian, Hayk"]
[WhiteFideId "1132717"]
[BlackFideId "4700180"]
[WhiteElo "2540"]
[BlackElo "2280"]
[Result "0-1"]
[Round "02"]
[TimeControl "180+1"]
[Date "2023.03.14"]
[WhiteClock "0:00:02"]
[BlackClock "0:00:13"]

1. c4 e6 2. Nc3 Nf6 3. Nf3 Bb4 4. Qb3 c5 5. a3 Ba5 6. g3 Nc6 7. Bg2 O-O 8. O-O d5 9. d3 h6 10. Na4 b6 11. Qc2 Bd7 12. b3 Rc8 13. Bb2 d4 14. e3 e5 15. exd4 exd4 16. Bc1 Re8 17. Bd2 Bxd2 18. Nxd2 Ne5 19. Nb2 Bc6 20. Rae1 Bxg2 21. Kxg2 Rc6 22. b4 Rce6 23. Qa4 a5 24. h3 Qa8+ 25. Kg1 axb4 26. axb4 Nf3+ 27. Nxf3 Qxf3 28. Rxe6 Rxe6 29. bxc5 bxc5 30. Qd1 Re2 31. Na4 Nh5 32. Qxe2 Qxe2 33. Nxc5 f5 34. Kg2 f4 35. g4 f3+ 36. Kg1 Nf4 37. Rb1 Nxh3+ 38. Kh2 Nxf2 39. Rb8+ Kh7 40. Kg3 Nxd3 41. Nd7 Qg2+ 42. Kh4 g5+ 43. Kh5 Nf4# 0-1


[Site "https://www.chess.com"]

[Event "Titled Tuesday Blitz March 14 Late 2023"]
[White "Koellner, Ruben Gideon"]
[Black "Liu, Casper"]
[WhiteFideId "12993093"]
[BlackFideId "1454153"]
[WhiteElo "2303"]
[BlackElo "2221"]
[Result "1-0"]
[Round "02"]
[TimeControl "180+1"]
[Date "2023.03.14"]
[WhiteClock "0:01:41"]
[BlackClock "0:00:07"]

1. d4 Nf6 2. Nf3 b5 3. Nbd2 Bb7 4. e3 a6 5. a4 b4 6. Bd3 e6 7. e4 c5 8. c3 cxd4 9. cxd4 Nc6 10. b3 Rc8 11. O-O d6 12. Qe2 Qb6 13. Bb2 Be7 14. Nc4 Qc7 15. e5 Nd5 16. Qd2 dxe5 17. dxe5 O-O 18. Rfd1 Rfd8 19. Rac1 h6 20. Qe1 Nf4 21. Bb1 g5 22. g3 Nh3+ 23. Kf1 Rxd1 24. Rxd1 Rd8 25. Rxd8+ Qxd8 26. Qe4 Qd1+ 27. Kg2 Kf8 28. Bc2 Qd7 29. Qh7 Ke8 30. Kxh3 1-0


[Site "https://www.chess.com"]

[Event "Titled Tuesday Blitz March 14 Late 2023"]
[White "Kozak, Adam"]
[Black "Vlassov, Nikolai"]
[WhiteFideId "753246"]
[BlackFideId "4103360"]
[WhiteElo "2469"]
[BlackElo "2324"]
[Result "1-0"]
[Round "02"]
[TimeControl "180+1"]
[Date "2023.03.14"]
[WhiteClock "0:00:03"]
[BlackClock "0:00:11"]

1. e4 Nc6 2. a3 Nf6 3. Nc3 d5 4. exd5 Nxd5 5. Nf3 Bg4 6. h3 Bh5 7. Bc4 e6 8. O-O Be7 9. d4 Bxf3 10. Qxf3 Nxd4 11. Qe4 Nxc3 12. bxc3 Nc6 13. Rb1 Na5 14. Bd3 Qd5 15. Rb5 Qxe4 16. Bxe4 Nc4 17. Bxb7 Rd8 18. Bc6+ Kf8 19. a4 Bd6 20. Re1 Ke7 21. Bd5 Nb6 22. Bb3 h6 23. Be3 Rd7 24. c4 c6 25. Rh5 Bb4 26. Rb1 Rhd8 27. a5 Nc8 28. Ba4 Rd1+ 29. Rxd1 Rxd1+ 30. Kh2 Bd6+ 31. g3 Kd7 32. Rh4 Kc7 33. Rg4 g5 34. c5 Be7 35. Re4 Ra1 36. Kg2 Bf6 37. a6 Ne7 38. Rb4 Nd5 39. Rb7+ Kc8 40. Bxc6 Rxa6 41. Bxd5 exd5 42. Rxf7 d4 43. Bd2 Rc6 44. Bb4 a5 45. Bxa5 Rxc5 46. Rxf6 Rxa5 47. Rxh6 Rc5 48. Rd6 Rxc2 49. Rxd4 Rc5 50. Rd6 Kc7 51. Rf6 Kd7 52. Kf3 Ke7 53. Ra6 Kf7 54. Kg4 Rd5 55. f3 Rc5 56. Kh5 Rb5 57. g4 Rb3 58. Kxg5 Rxf3 59. h4 Rb3 60. h5 Kg7 61. Ra7+ Kg8 62. Re7 Rb5+ 63. Kf6 Rb6+ 64. Re6 Rb1 65. g5 Rf1+ 66. Kg6 Rf8 67. h6 Kh8 68. Re7 Rg8+ 69. Kf6 Rf8+ 70. Rf7 Ra8 71. Re7 Rf8+ 72. Ke6 Rg8 73. Kf5 Rf8+ 74. Kg4 Rg8 75. Kh5 Ra8 76. g6 Ra5+ 77. Kg4 Ra4+ 78. Kf5 Ra5+ 79. Kf6 Ra6+ 80. Re6 Ra8 81. g7+ Kh7 82. Kf7 Ra7+ 83. Re7 Ra8 84. Re8 Ra7+ 85. Kf6 Ra6+ 86. Kf5 Ra5+ 87. Ke4 Ra4+ 88. Kd3 Ra3+ 89. Kc2 Ra8 90. Rxa8 1-0


[Site "https://www.chess.com"]

[Event "Titled Tuesday Blitz March 14 Late 2023"]
[White "Kramnik, Vladimir"]
[Black "Hajiyev, Kanan"]
[WhiteFideId "4101588"]
[BlackFideId "13404148"]
[WhiteElo "2712"]
[BlackElo "2103"]
[Result "1-0"]
[Round "02"]
[TimeControl "180+1"]
[Date "2023.03.14"]
[WhiteClock "0:00:26"]
[BlackClock "0:00:13"]

1. Nf3 d5 2. g3 Nf6 3. Bg2 g6 4. c4 c6 5. b3 Bg7 6. Bb2 O-O 7. O-O Bg4 8. d3 Nbd7 9. Nbd2 Re8 10. h3 Bxf3 11. Nxf3 e5 12. e3 Qe7 13. cxd5 Nxd5 14. Qe2 Rad8 15. Rfd1 h6 16. a3 Kh7 17. b4 a6 18. Rac1 N7b6 19. Qc2 Nc8 20. Qb3 Na7 21. e4 Nc7 22. a4 Rd7 23. h4 Red8 24. Bh3 Rd6 25. Rc5 f6 26. h5 g5 27. d4 Ne6 28. Bxe6 Qxe6 29. Qxe6 Rxe6 30. Re1 Bf8 31. dxe5 Bxc5 32. bxc5 g4 33. Nh2 Rd2 34. Ba1 fxe5 35. Nxg4 Nc8 36. Bxe5 b6 37. cxb6 Nxb6 38. Nf6+ Kh8 39. Nd7+ Rxe5 40. Nxe5 Nxa4 41. Nxc6 Nc3 42. e5 Re2 43. Rxe2 Nxe2+ 44. Kf1 Nc3 45. f4 Kg7 46. Kg2 Nd5 47. Kf3 Kf7 48. Ke4 Nc3+ 49. Kf5 Ne2 50. e6+ Ke8 51. g4 a5 52. Nxa5 Nd4+ 53. Kf6 Nf3 54. g5 hxg5 55. h6 1-0


[Site "https://www.chess.com"]

[Event "Titled Tuesday Blitz March 14 Late 2023"]
[White "Kravtsiv, Martyn"]
[Black "Priasmoro, Novendra"]
[WhiteFideId "14113147"]
[BlackFideId "7105029"]
[WhiteElo "2695"]
[BlackElo "2412"]
[Result "1-0"]
[Round "02"]
[TimeControl "180+1"]
[Date "2023.03.14"]
[WhiteClock "0:01:45"]
[BlackClock "0:01:10"]

1. e4 e5 2. Nf3 Nc6 3. Nc3 Nf6 4. a4 Bc5 5. Nxe5 Bxf2+ 6. Kxf2 Nxe5 7. d4 Nfg4+ 8. Ke1 Qh4+ 9. g3 Qf6 10. Bf4 d6 11. Be2 h5 12. h3 Ng6 13. Nd5 Qd8 14. hxg4 1-0


[Site "https://www.chess.com"]

[Event "Titled Tuesday Blitz March 14 Late 2023"]
[White "Kurtz, Eric M"]
[Black "Drygalov, Andrey"]
[WhiteFideId "30939763"]
[BlackFideId "24171735"]
[WhiteElo "2602"]
[BlackElo "2471"]
[Result "0-1"]
[Round "02"]
[TimeControl "180+1"]
[Date "2023.03.14"]
[WhiteClock "0:00:20"]
[BlackClock "0:01:19"]

1. c4 Nf6 2. g3 e5 3. Bg2 d5 4. cxd5 Nxd5 5. Nc3 Nb6 6. Nf3 Nc6 7. O-O Be7 8. a3 O-O 9. b4 Re8 10. d3 Bf8 11. Bb2 Bg4 12. Ne4 a5 13. b5 Nd4 14. Nxd4 exd4 15. Re1 a4 16. Rc1 Ra5 17. Nc5 Rxb5 18. Nxb7 Qf6 19. Bc6 Rxb2 20. Bxe8 Nd5 21. Qxa4 Rxb7 22. Bc6 Nb6 23. Qa6 Rb8 24. a4 Bb4 25. Qa7 Rc8 26. Bb7 Bxe1 27. Bxc8 Qxf2+ 0-1


[Site "https://www.chess.com"]

[Event "Titled Tuesday Blitz March 14 Late 2023"]
[White "Lenderman, Aleksandr"]
[Black "Filgueira, Hernan"]
[WhiteFideId "2021285"]
[BlackFideId "101770"]
[WhiteElo "2607"]
[BlackElo "2363"]
[Result "1-0"]
[Round "02"]
[TimeControl "180+1"]
[Date "2023.03.14"]
[WhiteClock "0:00:13"]
[BlackClock "0:00:11"]

1. Nf3 d5 2. e3 Nf6 3. c4 e6 4. Nc3 c6 5. b3 a6 6. Bb2 Nbd7 7. d4 Bb4 8. a3 Bd6 9. Bd3 e5 10. cxd5 cxd5 11. dxe5 Nxe5 12. Be2 Nc6 13. O-O O-O 14. b4 Re8 15. Rc1 Bc7 16. Na4 Ne4 17. Nc5 Nxc5 18. Rxc5 Be6 19. Nd4 Qd7 20. Nxc6 bxc6 21. Qd4 f6 22. Qc3 Rec8 23. Rc1 Be5 24. Qd2 Bxb2 25. Qxb2 Qd6 26. Qd4 Rc7 27. g3 Bf7 28. Bd3 Be8 29. Rxd5 cxd5 30. Rxc7 Qxc7 31. Qxd5+ Kf8 32. Qxa8 Qc1+ 33. Kg2 Qxa3 34. Bxh7 Qxb4 35. Bg6 Qb5 36. Bxe8 Qxe8 37. Qxe8+ Kxe8 38. Kf3 Kd7 39. Ke4 Kc6 40. Kd4 Kb5 41. Kc3 Kc5 42. g4 g5 43. f3 a5 44. Kb3 Kd5 45. h3 a4+ 46. Kb4 a3 47. Kxa3 Kc4 48. e4 Kd4 49. Kb4 Ke3 50. Kc4 Kxf3 51. Kd5 Kg3 52. Ke6 Kxh3 53. Kxf6 Kxg4 54. e5 Kf4 55. e6 g4 56. e7 g3 57. e8=Q g2 58. Qe1 Kf3 59. Qg1 Kg3 60. Kg5 Kf3 61. Kh4 1-0


[Site "https://www.chess.com"]

[Event "Titled Tuesday Blitz March 14 Late 2023"]
[White "Liu, Yi"]
[Black "Pakleza, Zbigniew"]
[WhiteFideId "3210588"]
[BlackFideId "1119290"]
[WhiteElo "2264"]
[BlackElo "2410"]
[Result "0-1"]
[Round "02"]
[TimeControl "180+1"]
[Date "2023.03.14"]
[WhiteClock "0:00:50"]
[BlackClock "0:01:09"]

1. e4 d6 2. d4 Nf6 3. Nc3 c6 4. Nf3 Bg4 5. Be3 e6 6. Be2 d5 7. e5 Nfd7 8. O-O c5 9. h3 Bxf3 10. Bxf3 Nc6 11. Re1 cxd4 12. Bxd4 Nxd4 13. Qxd4 Bc5 14. Qa4 O-O 15. Rad1 Nb6 16. Qb5 Rc8 17. Na4 Bxf2+ 18. Kxf2 Qh4+ 19. Kg1 Qxa4 20. Qb3 Rxc2 21. Qxa4 Nxa4 22. b3 Nb6 23. a4 Rfc8 24. Rb1 g6 25. Be2 Kg7 26. Bd3 Rd2 27. Bb5 Rcc2 28. Bf1 h5 29. Kh1 Nd7 30. Kg1 Nc5 31. Kh1 Ne4 32. Red1 Rxd1 33. Rxd1 Nf2+ 0-1


[Site "https://www.chess.com"]

[Event "Titled Tuesday Blitz March 14 Late 2023"]
[White "Lorenzo De La Riva, Lazaro"]
[Black "Meunier-Pion, Jean"]
[WhiteFideId "2268809"]
[BlackFideId "20685327"]
[WhiteElo "2294"]
[BlackElo "2124"]
[Result "1-0"]
[Round "02"]
[TimeControl "180+1"]
[Date "2023.03.14"]
[WhiteClock "0:01:04"]
[BlackClock "0:00:01"]

1. Nf3 d5 2. c4 d4 3. b4 c5 4. g3 cxb4 5. Bg2 Nc6 6. O-O e5 7. e3 dxe3 8. fxe3 Nf6 9. Bb2 Qc7 10. a3 bxa3 11. Nxa3 Be7 12. Nb5 Qb8 13. d4 exd4 14. exd4 a6 15. d5 axb5 16. dxc6 Rxa1 17. Qxa1 bxc4 18. Re1 bxc6 19. Bxf6 gxf6 20. Qxf6 Qa7+ 21. Kh1 Rg8 22. Qxc6+ Kf8 23. Qxc8+ Kg7 24. Qxc4 Bf6 25. Qg4+ Kh8 26. Qf5 Rg6 27. Ne5 Bxe5 28. Qxe5+ Kg8 29. Rf1 Re6 30. Qg5+ Rg6 31. Qf5 h6 32. Bd5 Kh7 33. Bxf7 Qb7+ 34. Kg1 Qb6+ 35. Rf2 Kh8 36. Bxg6 h5 37. Qxh5+ Kg7 38. Qh7# 1-0


[Site "https://www.chess.com"]

[Event "Titled Tuesday Blitz March 14 Late 2023"]
[White "Mahdavi, Reza"]
[Black "Kozin, Yuri"]
[WhiteFideId "12595926"]
[BlackFideId "4129920"]
[WhiteElo "2208"]
[BlackElo "2527"]
[Result "1-0"]
[Round "02"]
[TimeControl "180+1"]
[Date "2023.03.14"]
[WhiteClock "0:01:06"]
[BlackClock "0:00:02"]

1. Nf3 c5 2. g3 Nf6 3. Bg2 e6 4. O-O Be7 5. c4 O-O 6. b3 d6 7. Bb2 a6 8. d4 cxd4 9. Nxd4 Qc7 10. Nc3 Nbd7 11. Rc1 Ne5 12. Qd2 Bd7 13. f4 Ng6 14. e4 Rac8 15. Kh1 Qb8 16. Rcd1 b5 17. cxb5 axb5 18. Rfe1 b4 19. Nce2 Ng4 20. Ng1 e5 21. Nf5 Rfe8 22. h3 Nf6 23. Nxe7+ Nxe7 24. Qxd6 Qxd6 25. Rxd6 Nc6 26. Red1 Be6 27. f5 Bd7 28. g4 Rc7 29. g5 Nh5 30. Rxd7 Rxd7 31. Rxd7 Nf4 32. Bc1 Nh5 33. Ne2 Ra8 34. Bf3 g6 35. f6 h6 36. Rc7 Nd8 37. Bxh5 gxh5 38. g6 fxg6 39. Rg7+ Kh8 40. Rxg6 Ne6 41. Rxh6+ Kg8 42. Kg2 Rxa2 43. Kf3 Rc2 44. Be3 Rb2 45. Rxh5 Rxb3 46. Rxe5 Kf7 47. Rxe6 Rxe3+ 48. Kxe3 Kxe6 49. Nd4+ Kxf6 50. Kf4 Kg6 51. Nb3 Kf6 52. h4 Ke6 53. e5 1-0


[Site "https://www.chess.com"]